 Dungeon Crawl Stone Soup version 0.31-a0-164-g2312942fda (webtiles) character file.

Game seed: 17924445233916718888

1473 qw the Shield-Bearer (level 8, -2/50 HPs)
             Began as a Gargoyle Fighter on June 13, 2023.
             Slain by Duvessa
             ... wielding a +0 short sword
              (7 damage)
             ... on level 6 of the Dungeon.
             The game lasted 00:02:39 (4469 turns).

qw the Shield-Bearer (Gargoyle Fighter)             Turns: 4469, Time: 00:02:39

Health: -2/50      AC: 15    Str: 23    XL:     8   Next: 78%
Magic:  8/8        EV: 12    Int:  8    God:
Gold:   224        SH:  9    Dex:  9    Spells: 7/7 levels left

rFire   . . .        f - +0 war axe
rCold   . . .        j - +0 kite shield
rNeg    + . .        o - +0 chain mail
rPois   inf          (no helmet)
rElec   +            (no cloak)
rCorr   .            h - +0 pair of gloves
SInv    .            (no boots)
Will    +....        (no amulet) Stlth
                     n - +5 ring of evasion
HPRegen 0.28/turn    g - ring of willpower
MPRegen 0.11/turn

%: no passive effects
@: no status effects
A: sickness immunity, AC +5, negative energy resistance 1, electricity
resistance, torment resistance 1, petrification resistance
a: no special abilities


You were on level 6 of the Dungeon.
You visited 1 branch of the dungeon, and saw 6 of its levels.

You collected 224 gold pieces.


Innate Abilities, Weirdness & Mutations

You are immune to sickness and miasma.
Your stone body is resilient. (AC +5)
You are immune to poison.
You resist negative energy. (rN+)
You are resistant to electric shocks. (rElec)
You are resistant to unholy torment.
You are immune to petrification.


   Skills:
 - Level 5.4 Fighting
 + Level 7.2 Axes
 - Level 3.2 Armour
 - Level 1.1 Dodging
 - Level 7.2 Shields


You had 7 spell levels left.
You didn't know any spells.
Your spell library was empty.

Inventory:

Hand Weapons
 b - a +0 flail of holy wrath
 f - a +0 war axe (weapon)
Armour
 h - a +0 pair of gloves (worn)
 j - a +0 kite shield (worn)
 o - a +0 chain mail (worn)
Jewellery
 g - a ring of willpower (right hand)
 n - a +5 ring of evasion (left hand)
 Y - a ring of positive energy
Scrolls
 a - 6 scrolls of identify
 i - 2 scrolls of teleportation
Potions
 c - 2 potions of attraction
 d - a potion of might
 e - a potion of lignification
 k - a potion of heal wounds
 l - a potion of cancellation
 m - a potion of brilliance {unknown}
 p - a potion of enlightenment {unknown}

Dungeon Overview and Level Annotations

Branches:
Dungeon (6/15)
 Temple: D:4-7

Altars:
Ashenzari
Dithmenos
Fedhas
Gozag
Hepliaklqana
Ru
Uskayaw
Vehumet
The Shining One

Annotations:
D:4 3 runed translucent doors, qw's ghost, novice NaHu
D:6 Duvessa


Message History

Dowan is heavily wounded.
You closely miss Duvessa. Duvessa hits you but does no damage.
You block Dowan's attack.
You hit Dowan.
Dowan is heavily wounded.
You hit Duvessa but do no damage. Duvessa closely misses you.
Duvessa misses you. You block Dowan's attack.
You closely miss Dowan.
Dowan is heavily wounded.
You barely miss Duvessa. Duvessa hits you with a +0 short sword.
Dowan hits you but does no damage. You block Duvessa's attack.
You hit Dowan but do no damage.
Dowan is heavily wounded.
You completely miss Duvessa. Duvessa hits you with a +0 short sword.
Dowan barely misses you. You block Duvessa's attack.
Dowan points at you and mumbles some strange words.
The puff of frost hits you but does no damage.
You slash Dowan!
Dowan is severely wounded.
You barely miss Duvessa. Duvessa hits you with a +0 short sword.
Dowan points at you and mumbles some strange words.
The puff of frost hits you. Duvessa hits you with a +0 short sword.
You slash Dowan!
You kill Dowan!
Duvessa screams, "No!
How DARE you!"
Duvessa goes berserk!
You hit Duvessa. You block Duvessa's attack. x2
You hit Duvessa.
Duvessa is heavily wounded.
You block Duvessa's attack.
You hit Duvessa.
Duvessa is heavily wounded.
Duvessa closely misses you. Duvessa hits you with a +0 short sword!
You barely miss Duvessa.
Duvessa is heavily wounded.
Duvessa hits you with a +0 short sword! x2
You die...

##############
.............#
.............#
.............#
.............#
........)e.....#
#......##@.....#
#......##......#
##.......#......#
#........+......#
#.......##.....##
#.......##....###
#.......'...###_###
##......#####.....###
#......###.........###


You could see Duvessa (berserk, fast).

Vanquished Creatures
  2 water moccasins
  Edmund (D:5)
  An ice beast (D:6)
  A phantom (D:5)
  A bullfrog (D:5)
  A gnoll sergeant (D:6)
  A scorpion (D:5)
  Dowan (D:6)
  3 jellies
  5 hounds
  3 orc priests (D:4)
  3 iguanas
  A sleepcap (D:4)
  An orc wizard (D:4)
  6 gnolls
  10 adders
  3 ufetubi
  2 worms (D:2)
  5 dart slugs
  10 orcs
  4 endoplasms
  7 giant cockroaches
  9 goblins
  9 hobgoblins
  A jackal (D:3)
  6 kobolds
  3 quokkas
  5 ball pythons
  6 bats
  3 frilled lizards (D:1)
  8 rats
122 creatures vanquished.

Notes
Turn   | Place    | Note
-------+----------+-------------------------------------------
     0 | D:1      | qw the Gargoyle Fighter began the quest for the Orb.
     0 | D:1      | Reached XP level 1. HP: 14/14 MP: 1/1
     0 | D:1      | 0 ||| qw: Version: 0.2-a-29-gc1b59c4
     0 | D:1      | 0 ||| qw: Game counter: 4627
     0 | D:1      | 0 ||| qw: Always use a shield: true
     0 | D:1      | 0 ||| qw: God list: Okawaru
     0 | D:1      | 0 ||| qw: Allow faded altars: false
     0 | D:1      | 0 ||| qw: Do Orc after D:15 true
     0 | D:1      | 0 ||| qw: Do second Lair branch before Depths: true
     0 | D:1      | 0 ||| qw: Lair rune preference: random
     0 | D:1      | 0 ||| qw: Plans: Normal, Zot:1-4, Slime:5, God:TSO, Crypt,
                  | Tomb, Abyss, Pan, Hells, Win
     0 | D:1      | 0 ||| PLANNING D:1-11
    66 | D:1      | 66 ||| Stepping ~*~*~tactically~*~*~ (stealth).
    93 | D:1      | 93 ||| Stepping ~*~*~tactically~*~*~ (stealth).
    95 | D:1      | 95 ||| Stepping ~*~*~tactically~*~*~ (stealth).
   113 | D:1      | 113 ||| Stepping ~*~*~tactically~*~*~ (stealth).
   158 | D:1      | Found a faded altar of an unknown god.
   247 | D:1      | 247 ||| Stepping ~*~*~tactically~*~*~ (water).
   250 | D:1      | Reached XP level 2. HP: 19/19 MP: 2/2
   578 | D:1      | Reached skill level 3 in Axes
   729 | D:1      | 729 ||| UPGRADING to ring of positive energy.
   730 | D:1      | 730 ||| READING 5 scrolls labelled DOFURE HIOCRE.
   731 | D:1      | 731 ||| READING scroll labelled YSOTTA UMOFE.
   809 | D:2      | Found a glowing golden altar of the Shining One.
   820 | D:2      | Reached XP level 3. HP: 23/23 MP: 3/3
   850 | D:2      | 850 ||| Stepping ~*~*~tactically~*~*~ (stealth).
   860 | D:2      | 860 ||| Stepping ~*~*~tactically~*~*~ (hiding).
   861 | D:2      | 861 ||| Stepping ~*~*~tactically~*~*~ (stealth).
   862 | D:2      | 862 ||| Stepping ~*~*~tactically~*~*~ (hiding).
   863 | D:2      | 863 ||| Stepping ~*~*~tactically~*~*~ (stealth).
   879 | D:2      | 879 ||| FLEEEEING.
   880 | D:2      | 880 ||| FLEEEEING.
   881 | D:2      | 881 ||| FLEEEEING.
  1152 | D:2      | Reached XP level 4. HP: 27/28 MP: 4/4
  1193 | D:2      | 1193 ||| Stepping ~*~*~tactically~*~*~ (stealth).
  1288 | D:2      | 1288 ||| UPGRADING to +0 pair of gloves.
  1293 | D:2      | 1293 ||| UPGRADING to +0 kite shield.
  1303 | D:2      | 1303 ||| DROPPING +0 buckler.
  1304 | D:2      | 1304 ||| READING 4 scrolls of identify.
  1304 | D:2      | 1304 ||| IDENTIFYING bubbling golden potion
  1305 | D:2      | 1305 ||| READING 3 scrolls of identify.
  1305 | D:2      | 1305 ||| IDENTIFYING murky clear potion
  1306 | D:2      | 1306 ||| READING 2 scrolls of identify.
  1306 | D:2      | 1306 ||| IDENTIFYING silvery potion
  1307 | D:2      | 1307 ||| DROPPING potion of invisibility.
  1600 | D:3      | 1600 ||| Stepping ~*~*~tactically~*~*~ (hiding).
  1797 | D:3      | 1797 ||| DROPPING +0 club.
  1820 | D:3      | 1820 ||| Stepping ~*~*~tactically~*~*~ (hiding).
  2049 | D:3      | Found a faded altar of an unknown god.
  2059 | D:3      | Found a hide-covered altar of Uskayaw.
  2061 | D:3      | 2061 ||| READING scroll labelled RIHEFY EMMIGAM.
  2062 | D:3      | 2062 ||| READING scroll labelled WAXAICV ERIO.
  2081 | D:4      | Reached XP level 5. HP: 32/32 MP: 5/5
  2342 | D:4      | 2342 ||| Stepping ~*~*~tactically~*~*~ (hiding).
  2343 | D:4      | 2343 ||| Stepping ~*~*~tactically~*~*~ (hiding).
  2344 | D:4      | 2344 ||| Stepping ~*~*~tactically~*~*~ (hiding).
  2374 | D:4      | 2374 ||| Stepping ~*~*~tactically~*~*~ (stealth).
  2406 | D:4      | 2406 ||| Stepping ~*~*~tactically~*~*~ (stealth).
  2414 | D:4      | Reached XP level 6. HP: 37/37 MP: 6/6
  2505 | D:4      | 2505 ||| UPGRADING to ring of willpower.
  2506 | D:4      | 2506 ||| READING scroll labelled UGONEE FIBUUCW.
  2507 | D:4      | 2507 ||| DRINKING 2 metallic emerald potions.
  2508 | D:4      | 2508 ||| READING 6 scrolls of identify.
  2508 | D:4      | 2508 ||| IDENTIFYING ruby potion
  2527 | D:4      | 2527 ||| STAIRDANCE
  2532 | D:4      | 2532 ||| Stepping ~*~*~tactically~*~*~ (hiding).
  2870 | D:4      | Found a runed translucent gate.
  2871 | D:4      | Found a runed translucent gate.
  2872 | D:4      | Found a runed translucent gate.
  2881 | D:4      | Noticed qw's ghost (novice NaHu)
  2883 | D:4      | 2883 ||| UPGRADING to +5 ring of evasion.
  2890 | D:4      | 2890 ||| STAIRDANCE
  2980 | D:4      | Found a hazy altar of Hepliaklqana.
  2986 | D:4      | 2986 ||| UPGRADING to +0 chain mail.
  2996 | D:4      | 2996 ||| DROPPING +0 scale mail.
  3027 | D:5      | Entered Level 5 of the Dungeon
  3040 | D:5      | Reached XP level 7. HP: 43/43 MP: 7/7
  3269 | D:5      | Noticed Edmund
  3283 | D:5      | Killed Edmund
  3284 | D:5      | Reached skill level 6 in Axes
  3286 | D:5      | 3286 ||| DROPPING +0 flail.
  3451 | D:5      | Reached skill level 6 in Shields
  3505 | D:5      | Reached skill level 1 in Dodging
  3505 | D:5      | Reached XP level 8. HP: 48/48 MP: 8/8
  3682 | D:5      | Identified the +8 short sword of Cheese {elec, rCorr Str+4}
  4063 | D:6      | 4063 ||| PLANNING OSSUARY
  4218 | D:6      | 4218 ||| Stepping ~*~*~tactically~*~*~ (hiding).
  4220 | D:6      | 4220 ||| Stepping ~*~*~tactically~*~*~ (hiding).
  4226 | D:6      | 4226 ||| Stepping ~*~*~tactically~*~*~ (hiding).
  4356 | D:6      | Found a sacrificial altar of Ru.
  4356 | D:6      | Found a blossoming altar of Fedhas.
  4356 | D:6      | Found a shadowy altar of Dithmenos.
  4356 | D:6      | Found an opulent altar of Gozag.
  4364 | D:6      | Found a radiant altar of Vehumet.
  4369 | D:6      | Found a broken altar of Ashenzari.
  4449 | D:6      | Noticed Duvessa
  4449 | D:6      | Noticed Dowan
  4466 | D:6      | Killed Dowan
  4469 | D:6      | HP: 5/50 [Duvessa/+0 short sword (13)]
  4469 | D:6      | Slain by Duvessa

Levels and vault maps discovered:
D:1:      dpeg_arrival_rhombi, layout_basic, nicolae_ecumenical_lake_church,
          minmay_tree_intersection
D:2:      layout_basic, basic_altar
D:3:      minmay_chambers_of_twos, layout_basic,
          nicolae_overflow_ecumenical_swirl, serial_aquarium,
          aquarium_bridge_square [aquarium_subvault_bridge,
          aquarium_subvault_window, aquarium_subvault_bridge,
          aquarium_subvault_bridge], aquarium_window_1, aquarium_window_fake,
          aquarium_window_1, aquarium_window_corner, aquarium_view_2a,
          aquarium_balcony_5b
D:4:      layout_basic, kennysheep_mini, ebering_ghost_rock_garden
D:5:      layout_loops_corners, uniq_edmund
D:6:      layout_gridville, minmay_overflow_temple_hex,
          gup_ossuary_entry_pyramid, uniq_duvessa

Skill      XL: |  1  2  3  4  5  6  7  8 |
---------------+-------------------------+-----
Axes           | 2 3 4 5 6 7 |  7.2
Shields        | 4 5 6 7 |  7.2
Fighting       | 4 5 |  5.4
Dodging        | 1 |  1.1
Armour         | |  3.2

Action                     |  1- 3 |  4- 6 |  7- 9 || total
---------------------------+-------+-------+-------++-------
  Melee: War axe           |    95 |   210 |   174 ||   479
  Throw: Boomerang         |       |    28 |       ||    28
    Use: Scroll            |     2 |     7 |       ||     9
         Potion            |       |     1 |       ||     1
 Armour: Scale mail        |    47 |   130 |       ||   177
         Chain mail        |       |     2 |    58 ||    60
  Dodge: Dodged            |    33 |    81 |    82 ||   196
  Block: Buckler           |    17 |     3 |       ||    20
         Kite shield       |       |    84 |    81 ||   165

Table legend:
 A = Non-vault XP
 B = Vault XP
 C = Vault XP percentage of total XP
 D = Non-vault monster count
 E = Vault monster count
 F = Vault count percentage of total count
                 A         B        C        D         E       F
            +---------+---------+-------+---------+---------+-------
      Total |    1847 |     258 |  12.3 |     112 |      10 |   8.2
            +---------+---------+-------+---------+---------+-------
        D:1 |      32 |       0 |   0.0 |      20 |       0 |   0.0
        D:2 |      71 |       0 |   0.0 |      21 |       0 |   0.0
        D:3 |      32 |      29 |  47.5 |      13 |       8 |  38.1
        D:4 |     425 |       0 |   0.0 |      34 |       0 |   0.0
        D:5 |     786 |     157 |  16.6 |      15 |       1 |   6.2
        D:6 |     501 |      72 |  12.6 |       9 |       1 |  10.0
            +---------+---------+-------+---------+---------+-------
